 Dungeon Crawl Stone Soup version 0.31-a0-851-g7ff8af7976 (webtiles) character file.

Game seed: 18382468848042224594

339 kae the Cleaver (level 6, -3/51 HPs)
             Began as a Hill Orc Fighter on Oct 6, 2023.
             Slain by a kobold brigand
             ... wielding a +0 short sword
              (4 damage)
             ... in a sewer.
             The game lasted 00:01:27 (1860 turns).

kae the Cleaver (Hill Orc Fighter)                  Turns: 1860, Time: 00:01:28

Health: -3/51      AC:  8    Str: 21    XL:     6   Next: 55%
Magic:  6/6        EV:  9    Int:  8    God:
Gold:   45         SH:  4    Dex: 10    Spells: 5/5 levels left

rFire   . . .        a - +0 war axe
rCold   . . .        c - +0 buckler
rNeg    . . .        b - +0 scale mail
rPois   .            (no helmet)
rElec   .            j - +0 cloak
rCorr   .            (no gloves)
SInv    .            (no boots)
Will    .....        (no amulet) Stlth
                     (no ring)
HPRegen 0.28/turn    (no ring)
MPRegen 0.10/turn

%: no passive effects
@: brilliant
A: no striking features
a: no special abilities


You were in a sewer.
You visited 1 branch of the dungeon, and saw 3 of its levels.
You also visited: Sewer.

You collected 45 gold pieces.


   Skills:
 - Level 3.6 Fighting
 + Level 8.9 Axes
 - Level 3.2 Armour
 - Level 3.2 Shields


You had 5 spell levels left.
You didn't know any spells.
Your spell library contained the following spells:

 Spells                   Type           Power      Damage    Failure   Level
 Necrotise                Necr           0%         1d4       82%         1
 Sublimation of Blood     Necr           0%         N/A       91%         2
 Wereblood                Tmut           0%         N/A       91%         2
 Vampiric Draining        Necr           0%         2d6       99%         3
 Agony                    Necr           0%         N/A       100%        5
 Summon Hydra             Summ           0%         N/A       100%        7

Inventory:

Hand Weapons
 a - a +0 war axe (weapon)
Missiles
 e - 16 stones
 i - 4 boomerangs
 o - 2 throwing nets {=f!f}
 r - 15 poisoned darts
 t - a curare-tipped dart {=f}
Armour
 b - a +0 scale mail (worn)
 c - a +0 buckler (worn)
 j - a +0 cloak (worn)
   (You found it on level 2 of the Dungeon)
Jewellery
 N - a ring of positive energy
   (You found it on level 1 of the Dungeon)
Wands
 m - a wand of acid (9)
   (You found it on level 2 of the Dungeon)
Scrolls
 f - a scroll of revelation {unknown}
 h - a scroll of noise {unknown}
 k - 2 scrolls of identify {unknown}
 n - a scroll of fear {unknown}
 p - a scroll of blinking {unknown}
 q - a scroll of teleportation {unknown}
Potions
 d - a potion of might
 g - a potion of mutation {unknown}
 l - a potion of curing {unknown}
 s - a potion of invisibility {unknown}
 u - a potion of magic {unknown}
 w - a potion of haste {unknown}

Dungeon Overview and Level Annotations

Branches:
Dungeon (3/15) Zot: 16568   Sewer (1/1) Zot: 5510

Altars:

≈≈≈≈≈≈≈≈≈ ≈≈≈ ≈≈≈
≈≈≈≈≈≈≈≈ ### ###
####### #!!#.!#
#..#..# .....
#.....# ##...## ≈≈
##...## #.....#≈≈≈≈≈
#.....#
#.)KK.#≈≈≈≈≈≈#.))).#
##@###≈≈≈≈≈≈###'###
#...~≈≈≈≈≈≈≈≈≈~..##
#...~≈≈≈≈≈≈≈≈≈~...#
#...~~≈≈≈≈≈≈≈≈~...#
#....~~≈≈≈≈≈≈≈~...#
##....~≈≈≈≈≈≈≈~....
#....#≈≈≈≈≈≈≈~....
##..##≈≈≈≈≈≈~~....
#..## ≈≈≈≈≈~....#


You could see 2 kobold brigands.


Message History

You barely miss the river rat. The river rat bites you!
You block the river rat's attack. 😕 HP[-8]
You take 8 damage, and now have 43/51 hp.
A river rat is nearby!
You closely miss the river rat. The river rat closely misses you.
You completely miss the river rat. The river rat bites you! 😮 HP[-7]
You take 7 damage, and now have 36/51 hp.
A river rat is nearby!
A river rat is nearby!
You hit the river rat. The river rat bites you.
You are too injured to fight recklessly! 😮 HP[-1]
You take 1 damage, and now have 35/51 hp.
A river rat is nearby!
You are too injured to fight recklessly!
You are too injured to fight recklessly!
A river rat is nearby!
You are too injured to fight recklessly!
You are too injured to fight recklessly!
You are too injured to fight recklessly!
You are too injured to fight recklessly!
You closely miss the river rat. You block the river rat's attack.
You closely miss the river rat.
The river rat closely misses you. 😮 HP[+1]
You slash the river rat!
You kill the river rat!
Things that are here:
a rat corpse; a ball python corpse; a rat corpse 😮 HP[+1]
You open the door. 2 kobolds and 2 kobold brigands come into view.
A kobold brigand is wielding a +0 short sword and quivering poisoned darts.
A kobold brigand is wielding a +0 short sword and quivering poisoned darts.
The kobold shouts!
The kobold brigand shouts!
The kobold throws a stone.
The stone hits you but does no damage.
The kobold brigand throws a poisoned dart.
The poisoned dart misses you.
The kobold brigand hits you with a +0 short sword.
There is an open door here.
You closely miss the kobold brigand. You hit the kobold.
You kill the kobold!
You barely miss the kobold brigand.
The kobold brigand hits you but does no damage. x2
There are monsters nearby!
There are monsters nearby!
You hit the kobold brigand but do no damage.
You slash the kobold!
You kill the kobold!
You slash the kobold brigand! The kobold brigand closely misses you.
The kobold brigand hits you with a +0 short sword.
You slash the kobold brigand! You closely miss the kobold brigand.
The kobold brigand misses you.
The kobold brigand hits you with a +0 short sword. 😕 HP[+5]
You regained 5 hp, and now have 42/51 hp.
There are monsters nearby!
You hit the kobold brigand but do no damage.
You closely miss the kobold brigand. The kobold brigand barely misses you.
The kobold brigand hits you with a +0 short sword!
You slash the kobold brigand! You barely miss the kobold brigand.
The kobold brigand hits you with a +0 short sword.
The kobold brigand closely misses you. 😮 HP[-11]
You take 11 damage, and now have 31/51 hp.
MASSIVE DAMAGE!! (PAUSE)
You slash the kobold brigand! You barely miss the kobold brigand.
The kobold brigand barely misses you.
The kobold brigand hits you but does no damage.
You barely miss the kobold brigand.
You hit the kobold brigand but do no damage.
The kobold brigand hits you with a +0 short sword!
* * * LOW HITPOINT WARNING * * *
The kobold brigand hits you but does no damage. 😨 HP[-7]
You take 7 damage, and now have 24/51 hp.
You barely miss the kobold brigand. You hit the kobold brigand.
The kobold brigand hits you with a +0 short sword!
* * * LOW HITPOINT WARNING * * *
The kobold brigand hits you with a +0 short sword.
* * * LOW HITPOINT WARNING * * *
The kobold brigand hits you with a +0 short sword.
* * * LOW HITPOINT WARNING * * *
The kobold brigand hits you with a +0 short sword.
* * * LOW HITPOINT WARNING * * *
Unknown command.
You slash the kobold brigand!
You hit the kobold brigand but do no damage.
The kobold brigand closely misses you.
The kobold brigand hits you with a +0 short sword.
* * * LOW HITPOINT WARNING * * *
😱 HP[-20]
You take 20 damage, and now have 4/51 hp.
MASSIVE DAMAGE!! (PAUSE) It was a potion of brilliance.
You feel clever all of a sudden.
The kobold brigand hits you with a +0 short sword.
* * * LOW HITPOINT WARNING * * *
The kobold brigand hits you with a +0 short sword.
You die...

Skill      XL: |  1  2  3  4  5 |
---------------+----------------+-----
Axes           | 3 4 5 6 8 |  8.9
Fighting       | |  3.6
Armour         | |  3.2
Shields        | |  3.2

Action                     |  1- 3 |  4- 6 || total
---------------------------+-------+-------++-------
  Melee: War axe           |    86 |   158 ||   244
    Use: Potion            |       |     1 ||     1
 Armour: Scale mail        |    66 |   115 ||   181
  Dodge: Dodged            |    41 |    83 ||   124
  Block: Buckler           |    15 |    35 ||    50

Levels and vault maps discovered:
D:1:      dreamdust_arrival_beginning_and_end, layout_basic
D:2:      layout_rooms, kennysheep_generic_room_12
D:3:      layout_loops_ring, tgw_xom, mainiacjoe_overflow_cross_hatched,
          chequers_ecumenical_altar_grove, portal_sewer_entry_a
Sewer:    sewer_minmay_treatment

Notes
Turn   | Place    | Note
-------+----------+-------------------------------------------
     0 | D:1      | kae the Hill Orc Fighter began the quest for the Orb.
     0 | D:1      | Reached XP level 1. HP: 19/19 MP: 1/1
     0 | D:1      | magus.rc [v1.11.3]
    60 | D:1      | Reached skill level 3 in Axes
    80 | D:1      | You pick up a book of Necromancy and begin reading...
    80 | D:1      | You add the spells Necrotise, Vampiric Draining and Agony
                  | to your library.
   144 | D:1      | Reached XP level 2. HP: 21/26 MP: 2/2
   200 | D:1      | Reached skill level 4 in Axes
   272 | D:1      | Reached XP level 3. HP: 31/31 MP: 3/3
   753 | D:2      | Reached skill level 5 in Axes
   799 | D:2      | Reached XP level 4. HP: 39/39 MP: 4/4
   868 | D:2      | You pick up a book of Blood and begin reading...
   868 | D:2      | You add the spells Sublimation of Blood, Wereblood and
                  | Summon Hydra to your library.
  1087 | D:2      | Reached skill level 6 in Axes
  1368 | D:3      | Found a glowing drain.
  1388 | Sewer    | Entered a sewer
  1422 | Sewer    | Reached XP level 5. HP: 44/45 MP: 5/5
  1458 | Sewer    | Reached skill level 7 in Axes
  1517 | Sewer    | Noticed a kobold brigand
  1527 | Sewer    | Killed a kobold brigand
  1621 | Sewer    | Reached skill level 8 in Axes
  1621 | Sewer    | Reached XP level 6. HP: 44/51 MP: 6/6
  1858 | Sewer    | HP: 12/51 [kobold brigand/+0 short sword (2)]
  1859 | Sewer    | HP: 4/51 [kobold brigand/+0 short sword (6)]
  1860 | Sewer    | HP: 1/51 [kobold brigand/+0 short sword (4)]
  1860 | Sewer    | Slain by a kobold brigand

Vanquished Creatures
  2 kobold brigands (Sewer)
  7 river rats
  4 adders
  A worm (D:3)
  2 dart slugs
  12 ball pythons
  6 bats
  2 endoplasms (D:1)
  4 giant cockroaches
  11 goblins
  4 hobgoblins
  4 jackals (D:1)
  11 kobolds
  A quokka (D:1)
  2 frilled lizards
  29 rats
102 creatures vanquished.

Table legend:
 A = Non-vault XP
 B = Vault XP
 C = Vault XP percentage of total XP
 D = Non-vault monster count
 E = Vault monster count
 F = Vault count percentage of total count
                 A         B        C        D         E       F
            +---------+---------+-------+---------+---------+-------
      Total |     141 |     344 |  70.9 |      49 |      53 |  52.0
            +---------+---------+-------+---------+---------+-------
        D:1 |      48 |       0 |   0.0 |      24 |       0 |   0.0
        D:2 |      70 |       0 |   0.0 |      20 |       0 |   0.0
        D:3 |      23 |      20 |  46.5 |       5 |       5 |  50.0
      Sewer |       0 |     324 | 100.0 |       0 |      48 | 100.0
            +---------+---------+-------+---------+---------+-------

Skill      XL: |  1  2  3  4  5 |
---------------+----------------+-----
Axes           | 3 4 5 6 8 |  8.9
Fighting       | |  3.6
Armour         | |  3.2
Shields        | |  3.2

Action                     |  1- 3 |  4- 6 || total
---------------------------+-------+-------++-------
  Melee: War axe           |    86 |   158 ||   244
    Use: Potion            |       |     1 ||     1
 Armour: Scale mail        |    66 |   115 ||   181
  Dodge: Dodged            |    41 |    83 ||   124
  Block: Buckler           |    15 |    35 ||    50

Illustrated notes

Table legend:
 A = Kills in this place as a percentage of kills in the entire game.
 B = Kills by you in this place as a percentage of kills by you in the entire game.
 C = Kills by friends in this place as a percentage of kills by friends in the entire game.
 D = Other kills in this place as a percentage of other kills in the entire game.
 E = Experience gained in this place as a percentage of experience gained in the entire game.
 F = Experience gained in this place divided by the number of levels of this place that you have seen.
                   A       B       C       D       E      F
               +-------+-------+-------+-------+-------+----------------------
         Total | 100.0 | 100.0 |   N/A |   N/A | 100.0 | 121.2
       Dungeon |  52.9 |  52.9 |   N/A |   N/A |  33.2 |  53.7
         Sewer |  47.1 |  47.1 |   N/A |   N/A |  66.8 | 324.0
               +-------+-------+-------+-------+-------+----------------------

Table legend: (Time is in decaauts)
 A = Elapsed time spent in this place.
 B = Non-inter-level travel time spent in this place.
 C = Inter-level travel time spent in this place.
 D = Time resting spent in this place.
 E = Time spent auto-exploring this place.
 F = Levels seen in this place.
 G = Mean time per level.
                   A        B        C        D        E       F      G
               +--------+--------+--------+--------+--------+-----+--------+
         Total |   1920 |   1883 |     37 |      0 |   1312 |   4 |  480.0 |
       Dungeon |   1431 |   1394 |     37 |      0 |    996 |   3 |  477.0 |
         Sewer |    488 |    488 |      0 |      0 |    316 |   1 |  488.0 |
               +--------+--------+--------+--------+--------+-----+--------+

Top non-repeatable levels by time:
     D:1: 764 daAuts
     D:2: 560 daAuts
   Sewer: 488 daAuts
     D:3: 106 daAuts
